 Dungeon Sprint DCSS version 0.31-a0-743-g45f7035092 (webtiles) character file.

Game seed: 16150522619956933990

2952 sircluck the Grappler (level 9, -1/105 HPs)
             Began as a Troll Berserker on Sept 12, 2023.
             Was a High Priest of Trog.
             Succumbed to a redback's poison
             ... in the Dungeon (Sprint VII: "The Pits").
             The game lasted 00:02:24 (806 turns).

sircluck the Grappler (Troll Berserker)              Turns: 806, Time: 00:02:24

Health: -1/105     AC:  5    Str: 31    XL:     9   Next: 52%
Magic:  8/8        EV: 12    Int:  3    God:    Trog [*****.]
Gold:   0          SH:  0    Dex:  9    Spells: 8/8 levels left

rFire   . .          .
                       - Unarmed
rCold   . . .        (no shield)
rNeg    . . .        k - +0 troll leather armour {Pargi}
rPois   .            (helmet restricted)
rElec   .            (no cloak)
rCorr   .            (gloves unavailable)
SInv    .            (boots unavailable)
Will    .....        (no amulet)
Stlth   +            (no ring)
HPRegen 1.97/turn    (no ring)
MPRegen 0.11/turn

%: no teleportation
@: lethally poisoned (-1 -> -17), on berserk cooldown, slowed, very slow
A: large, unfitting armour, claws 3, regeneration 1, shaggy fur 1, tough skin 1
a: Renounce Religion, Berserk, Trog's Hand, Brothers in Arms


You were in the Dungeon.
You worshipped Trog.
Trog was extremely pleased with you.
You visited 1 branch

Inventory:

Armour
 a - a +0 animal skin
 k - a +0 troll leather armour (worn) {Pargi}
Jewellery
 l - a +3 ring of strength
 m - a +3 ring of dexterity
Scrolls
 g - a scroll of blinking
 i - 2 scrolls of vulnerability
 j - a scroll of summoning
Potions
 b - 7 potions of curing
 c - 14 potions of heal wounds
 d - a potion of haste
 e - 4 potions of magic
 f - 4 potions of berserk rage
 h - 2 potions of invisibility
 n - a potion of resistance


   Skills:
 + Level 11.3 Fighting
 + Level 11.1 Dodging
 + Level 13.1 Unarmed Combat


You had 8 spell levels left.
You didn't know any spells.
Your spell library was empty.

Dungeon Overview and Level Annotations

Branches:
Dungeon (1/1)

Altars:
Ashenzari
Cheibriados
Dithmenos
Elyvilon
Fedhas
Gozag
Hepliaklqana
Kikubaaqudgha
Makhleb
Nemelex Xobeh
Okawaru
Qazlal
Ru
Sif Muna
Trog
Uskayaw
Vehumet
Wu Jian
Xom
Yredelemnul
Zin
The Shining One
Jiyva
Lugonu


Innate Abilities, Weirdness & Mutations

You are too large for most types of armour.
You have claws for hands.
Your natural rate of healing is unusually fast.
You are covered in fur. (AC +1)
You have tough skin. (AC +1)


Message History

A red film seems to cover your vision as you go berserk!
You feel yourself moving faster!
You feel mighty!
You are engulfed in a cloud of scalding steam.
* * * LOW HITPOINT WARNING * * *
You feel extremely sick. The redback barely misses you.
The smoke demon closely misses you. The smoke demon barely misses you.
The smoke demon hits you.
* * * LOW HITPOINT WARNING * * *
Your deep troll is engulfed in a cloud of scalding steam.
You eviscerate the redback!!!
You kill the redback!
Trog accepts your kill.
* * * LOW HITPOINT WARNING * * *
You feel extremely sick.
The smoke demon hits you but does no damage.
The smoke demon hits you.
* * * LOW HITPOINT WARNING * * *
The smoke demon barely misses you.
Your Fighting skill increases to level 11!
You mangle the smoke demon!!
You kill the smoke demon!
Trog accepts your kill. Trog grants you a weapon!
Something appears at your feet!
You see here a +1 quarterstaff.
* * * LOW HITPOINT WARNING * * *
You feel very sick.
Your Dodging skill increases to level 11!
Your Unarmed Combat skill increases to level 13!
* * * LOW HITPOINT WARNING * * *
You feel extremely sick.
You feel a strong urge to attack something.
* * * LOW HITPOINT WARNING * * *
You feel very sick.
* * * LOW HITPOINT WARNING * * *
You feel very sick.
Your deep troll rages.
You feel your anger nearly subside.
You are no longer berserk.
You are exhausted.
You feel yourself slow down.
You die...

.....##..+ #...
.... .....##..#
#.. ...#
.....##..# #.#
#..#
#######..#####.+
#..#
#######........#
+..##+##.
#!.[[##........#
#........
#..[[###+###...#
#........ '..))#
+...#+###O..#
#..))#
#....@..T...#
#..))#
#...........+
######
#############


You could see an ogre and a friendly deep troll (summoned, berserk).

Vanquished Creatures
  A manticore (D)
  A smoke demon (D)
  A rust devil (D)
  A troll (D)
  A ynoxinul (D)
  A spriggan (D)
  A fire bat (D)
  A wyvern (D)
  A redback (D)
  2 wargs (D)
  2 floating eyes (D)
  Pargi (D)
  A black bear (D)
  A sky beast (D)
  A kobold brigand (D)
  A necrophage (D)
  A gnoll sergeant (D)
  A jelly (D)
  5 gnolls (D)
  A river rat (D)
  2 worms (D)
  A ball python (D)
  An endoplasm (D)
  A giant cockroach (D)
  A hobgoblin (D)
  2 jackals (D)
  A quokka (D)
  A ball python skeleton (D)
  A frilled lizard (D)
  A goblin (D)
38 creatures vanquished.

Notes
Turn   | Place    | Note
-------+----------+-------------------------------------------
     0 | D        | sircluck the Troll Berserker began the quest for the Orb.
     0 | D        | Reached XP level 1. HP: 22/22 MP: 0/0
   148 | D        | Noticed a warg
   148 | D        | Noticed a ynoxinul
   164 | D        | Killed a warg
   165 | D        | Reached skill level 5 in Fighting
   165 | D        | Reached skill level 6 in Unarmed Combat
   165 | D        | Reached XP level 2. HP: 25/35 MP: 1/1
   165 | D        | Reached XP level 3. HP: 30/42 MP: 2/2
   165 | D        | Reached XP level 4. HP: 36/50 MP: 3/3
   174 | D        | Killed a ynoxinul
   175 | D        | Reached skill level 7 in Unarmed Combat
   175 | D        | Reached XP level 5. HP: 15/61 MP: 4/4
   257 | D        | Reached ** piety under Trog
   295 | D        | Found a bloodstained altar of Trog.
   295 | D        | Found a shimmering blue altar of Sif Muna.
   295 | D        | Found a viscous altar of Jiyva.
   295 | D        | Found a hazy altar of Hepliaklqana.
   295 | D        | Found an opulent altar of Gozag.
   296 | D        | Found a glowing golden altar of the Shining One.
   296 | D        | Found a glowing silver altar of Zin.
   296 | D        | Found a basalt altar of Yredelemnul.
   296 | D        | Found a shimmering altar of Xom.
   296 | D        | Found an ornate altar of the Wu Jian Council.
   296 | D        | Found a sacrificial altar of Ru.
   296 | D        | Found a stormy altar of Qazlal.
   296 | D        | Found an iron altar of Okawaru.
   296 | D        | Found a sparkling altar of Nemelex Xobeh.
   296 | D        | Found a burning altar of Makhleb.
   296 | D        | Found a blossoming altar of Fedhas.
   296 | D        | Found a white marble altar of Elyvilon.
   296 | D        | Found a shadowy altar of Dithmenos.
   296 | D        | Found a snail-covered altar of Cheibriados.
   299 | D        | Found a corrupted altar of Lugonu.
   299 | D        | Found a radiant altar of Vehumet.
   300 | D        | Found an ancient bone altar of Kikubaaqudgha.
   300 | D        | Found a hide-covered altar of Uskayaw.
   300 | D        | Found a broken altar of Ashenzari.
   317 | D        | Noticed a floating eye
   318 | D        | Killed a floating eye
   319 | D        | Reached skill level 8 in Unarmed Combat
   319 | D        | Reached XP level 6. HP: 71/71 MP: 5/5
   341 | D        | Reached *** piety under Trog
   391 | D        | Noticed a warg
   391 | D        | Noticed a sky beast
   404 | D        | Killed a warg
   404 | D        | Reached **** piety under Trog
   405 | D        | Reached skill level 9 in Unarmed Combat
   405 | D        | Reached XP level 7. HP: 65/79 MP: 6/6
   420 | D        | Noticed Pargi
   423 | D        | Reached ***** piety under Trog
   438 | D        | Killed Pargi
   439 | D        | Reached skill level 10 in Unarmed Combat
   439 | D        | Paralysed by a floating eye for 2 turns
   456 | D        | Identified the +3 giant spiked club of Compassion {flame,
                  | Fly Str+9 Stlth-} (Trog gifted it to you in the Dungeon)
   456 | D        | Received a gift from Trog
   523 | D        | Noticed a wyvern
   531 | D        | Killed a wyvern
   532 | D        | Reached XP level 8. HP: 72/92 MP: 7/7
   543 | D        | Reached skill level 11 in Unarmed Combat
   547 | D        | Noticed a manticore
   562 | D        | Killed a manticore
   563 | D        | Reached skill level 10 in Fighting
   563 | D        | Reached skill level 10 in Dodging
   598 | D        | Received a gift from Trog
   682 | D        | Noticed a rust devil
   696 | D        | Reached skill level 12 in Unarmed Combat
   699 | D        | Killed a rust devil
   700 | D        | Reached XP level 9. HP: 63/102 MP: 8/8
   748 | D        | Noticed a troll
   757 | D        | Killed a troll
   793 | D        | Noticed a smoke demon
   802 | D        | Killed a smoke demon
   802 | D        | Received a gift from Trog
   803 | D        | Reached skill level 13 in Unarmed Combat
   805 | D        | HP: 4/157 [poisoned by a redback]
   806 | D        | Succumbed to a redback's poison

Illustrated notes

Levels and vault maps discovered:
D:        pitsprint [storerooms_1, entrance_room_1, metal_vault_8, armoury_1,
          mini_pit_1, grid_room_1, main_hall_1, silver_pit, the_coven_3,
          the_vestibule_1, steel_vault_2, golden_pit, hallway_of_sentries,
          crystal_vault_4, iron_vault_3, final_vault]

Skill      XL: |  1  2  3  4  5  6  7  8  9 |
---------------+----------------------------+-----
Fighting       | 5 6 7 9 10 11 | 11.3
Dodging        | 4 6 7 9 10 11 | 11.1
Unarmed Combat | 6 7 8 9 10 12 13 | 13.1

Action                     |  1- 3 |  4- 6 |  7- 9 || total
---------------------------+-------+-------+-------++-------
  Melee: Unarmed           |     7 |    31 |    84 ||   122
         Punch             |       |       |     5 ||     5
 Invoke: Berserk           |     1 |       |     2 ||     3
         Brothers in Arms  |       |       |     1 ||     1
 Armour: Animal skin       |    15 |    43 |    26 ||    84
         Troll leather arm |       |       |    49 ||    49
  Dodge: Dodged            |    12 |    42 |    46 ||   100

Table legend: (Time is in decaauts)
 A = Elapsed time spent in this place.
 B = Non-inter-level travel time spent in this place.
 C = Inter-level travel time spent in this place.
 D = Time resting spent in this place.
 E = Time spent auto-exploring this place.
 F = Levels seen in this place.
 G = Mean time per level.
                   A        B        C        D        E       F      G
               +--------+--------+--------+--------+--------+-----+--------+
         Total |    793 |    793 |      0 |    182 |    137 |   1 |  793.0 |
       Dungeon |    793 |    793 |      0 |    182 |    137 |   1 |  793.0 |
               +--------+--------+--------+--------+--------+-----+--------+

Top non-repeatable levels by time:
       D: 793 daAuts
